 Dungeon Crawl Stone Soup version 0.27-a0-920-gb2bd10914a (webtiles) character file.

Game seed: 8251408099145788134

1445152 Charly the Ruinous (level 27, 183/183 HPs)
             Began as an Octopode Conjurer on Apr 8, 2021.
             Was the Champion of Vehumet.
             Escaped with the Orb
             ... and 3 runes on Apr 9, 2021!
             The game lasted 05:53:28 (111630 turns).

Charly the Ruinous (Octopode Conjurer)            Turns: 111630, Time: 05:53:29

Health: 183/183    AC:  8    Str:  8    XL:     27
Magic:  62/67      EV: 25    Int: 49    God:    Vehumet [******]
Gold:   7699       SH: 23    Dex: 16    Spells: 4/70 levels left

rFire    + + +     SeeInvis +   a - staff of conjuration
rCold    + + +     Faith    .   P - +5 kite shield {rC+}
rNeg     + . .     Spirit   .   c - +3 crown of Dyrovepreva {rElec Int+2 SInv}
rPois    +         Reflect  +   F - amulet of reflection
rElec    +         Harm     .   X - ring "Aluotuyr" {rF+ Dex+6}
rCorr    .         Rampage  .   O - ring "Itie" {Ice Will+ Int+2}
Will     +++..                  t - ring of Porphone {rPois rC++ Int+4}
Stlth    +++.......             T - ring of Yffiatug {rF+ AC+4 Int+3}
HPRegen  0.40/turn              e - ring of Xotumoam {+Blink rElec Int+6}
MPRegen  0.40/turn              U - ring "Gevoecsa" {rF++ EV+4 Slay+3}
                                w - ring of magical power
                                v - ring of Raufekoi {rPois rN+ MP+9 Str+4}

@: no status effects
A: almost no armour, amphibious, 8 rings, camouflage 1, gelatinous body 1,
(nimble swimmer 1), tentacles, clumsy 1, weak 1
0: Orb of Zot
}: 3/15 runes: decaying, serpentine, silver
a: Renounce Religion, Evoke Blink


You escaped.
You worshipped Vehumet.
Vehumet was exalted by your worship.
You visited 10 branches of the dungeon, and saw 50 of its levels.
You visited the Abyss 1 time.
You visited 1 ziggurat, and saw 10 of its levels.
You also visited: Trove, Bailey and Volcano.

You collected 11837 gold pieces.
You spent 4138 gold pieces at shops.

Inventory:

Hand Weapons
 b - the +10 dagger "Jumefuvvai" {pain, rC+ Will+ Stlth+}
   (You found it on level 3 of the Lair of Beasts)

   In the hands of one skilled in necromantic magic, it inflicts extra damage on
   living creatures.
   It protects you from cold.
   It increases your willpower.
   It makes you more stealthy.
Missiles
 K - 7 throwing nets
Armour
 c - the +3 crown of Dyrovepreva (worn) {rElec Int+2 SInv}
   (You found it on level 9 of a ziggurat)

   It affects your intelligence (+2).
   It insulates you from electricity.
   It lets you see invisible.
 k - the +0 hat "Loys" {Will+ Dex+3}
   (You found it in a treasure trove)

   It affects your dexterity (+3).
   It increases your willpower.
 z - the +3 warlock's mirror {reflect}
   (You found it on level 12 of the Dungeon)
 P - a +5 kite shield of cold resistance (worn)
Magical Staves
 a - a staff of conjuration (weapon)
Jewellery
 e - the ring of Xotumoam (on tentacle) {+Blink rElec Int+6}
   (You acquired it on level 12 of the Dungeon)

   [ring of intelligence]

   It affects your intelligence (+6).
   It insulates you from electricity.
   It lets you blink.
 i - the ring "Ducvec" {Fly SInv}
   (You found it on level 2 of the Vaults)

   [ring of flight]

   It lets you see invisible.
   It grants you flight.
 m - the ring "Wusirphep" {Will+ AC+4}
   (You found it in a treasure trove)

   [ring of protection]

   It affects your AC (+4).
   It increases your willpower.
 n - a ring of positive energy
 t - the ring of Porphone (on tentacle) {rPois rC++ Int+4}
   (You found it on level 4 of a ziggurat)

   [ring of poison resistance]

   It affects your intelligence (+4).
   It greatly protects you from cold.
   It protects you from poison.
 v - the ring of Raufekoi (on tentacle) {rPois rN+ MP+9 Str+4}
   (You found it in a treasure trove)

   [ring of poison resistance]

   It affects your strength (+4).
   It protects you from poison.
   It protects you from negative energy.
   It affects your magic capacity (+9).
 w - a ring of magical power (on tentacle)
 F - an amulet of reflection (around mantle)
 O - the ring "Itie" (right tentacle) {Ice Will+ Int+2}
   (You found it on level 2 of the Vaults)

   [ring of ice]

   It enhances your ice magic.
   It affects your intelligence (+2).
   It makes you vulnerable to fire.
   It protects you from cold.
   It increases your willpower.
 T - the ring of Yffiatug (on tentacle) {rF+ AC+4 Int+3}
   (You took it off a deep elf zephyrmancer on level 3 of the Elven Halls)

   [ring of protection]

   It affects your AC (+4).
   It affects your intelligence (+3).
   It protects you from fire.
 U - the ring "Gevoecsa" (on tentacle) {rF++ EV+4 Slay+3}
   (You took it off a deep elf knight on level 3 of the Elven Halls)

   [ring of evasion]

   It affects your evasion (+4).
   It affects your accuracy and damage with ranged weapons and melee attacks
   (+3).
   It greatly protects you from fire.
 X - the ring "Aluotuyr" (left tentacle) {rF+ Dex+6}
   (You took it off a deep elf annihilator on level 3 of the Elven Halls)

   [ring of dexterity]

   It affects your dexterity (+6).
   It protects you from fire.
Wands
 s - a wand of acid (33)
 H - a wand of iceblast (55)
 M - a wand of charming (25)
 S - a wand of digging (23)
Scrolls
 l - 2 scrolls of blinking
 p - 7 scrolls of amnesia
 q - 24 scrolls of teleportation
 r - 16 scrolls of fog
 u - 8 scrolls of summoning
 x - 2 scrolls of magic mapping
 B - 7 scrolls of enchant armour
 E - 5 scrolls of fear
 L - 3 scrolls of holy word
 N - 34 scrolls of identify
 Q - 3 scrolls of silence
 W - 6 scrolls of immolation
Potions
 d - 8 potions of cancellation
 g - 13 potions of heal wounds
 h - 4 potions of resistance
 j - a potion of invisibility
 o - 4 potions of flight
 A - 4 potions of haste
 C - 7 potions of brilliance
 D - 5 potions of ambrosia
 G - 6 potions of mutation
 J - 3 potions of magic
 R - 26 potions of curing
Miscellaneous
 f - a box of beasts
 y - a lightning rod (4/4)
 I - a phantom mirror
 V - a condenser vane
 Y - a tin of tremorstones (2/2)


   Skills:
 - Level 14.3 Fighting
 - Level 14.4 Dodging
 - Level 19.5 Stealth
 - Level 15.0 Shields
 + Level 22.0 Spellcasting
 + Level 22.4 Conjurations
 - Level 4.0 Hexes
 - Level 7.0 Summonings
 - Level 11.1 Translocations
 - Level 3.5 Transmutations
 * Level 17.5 Fire Magic
 - Level 8.0 Air Magic
 - Level 22.0 Earth Magic


You had 4 spell levels left.
You knew the following spells:

 Your Spells              Type           Power      Damage    Failure   Level
a - Magic Dart            Conj           100%       1d8       0%          1
b - Bolt of Magma         Conj/Fire/Erth 77%        4d29      0%          5
c - Chain Lightning       Conj/Air       70%        N/A       1%          8
f - Fire Storm            Conj/Fire      77%        8d19      2%          9
l - Lehudib's Crystal Sp  Conj/Erth      79%        10d18     1%          8
o - Orb of Destruction    Conj           80%        9d19      0%          7
q - Swiftness             Air            93%        N/A       0%          2
s - Shatter               Erth           66%        3d49*     1%          9
B - Blink                 Tloc           N/A        N/A       0%          2
D - Dispersal             Tloc           52%        N/A       1%          6
P - Passwall              Tmut/Erth      90%        N/A       0%          2
S - Spellforged Servitor  Conj/Summ      69%        N/A       1%          7

Your spell library contained the following spells:

 Spells                   Type           Power      Damage    Failure   Level
 Ignition                 Fire           61%        3d17      1%          8
 Sandblast                Erth           100%       2d20      0%          1
 Shock                    Conj/Air       100%       1d9       0%          1
 Summon Small Mammal      Summ           100%       N/A       0%          1
 Searing Ray              Conj           100%       3d7       0%          2
 Conjure Flame            Conj/Fire      100%       6-21      0%          3
 Dazzling Flash           Conj/Hex       100%       N/A       0%          3
 Gell's Gravitas          Tloc           52%        N/A       0%          3
 Inner Flame              Hex/Fire       100%       N/A       0%          3
 Mephitic Cloud           Conj/Pois/Air  100%       N/A       0%          3
 Static Discharge         Conj/Air       100%       N/A       0%          3
 Stone Arrow              Conj/Erth      100%       3d13      0%          3
 Fulminant Prism          Conj/Hex       67%        3d28      0%          4
 Iskenderun's Mystic Bla  Conj/Tloc      100%       2d19      0%          4
 Leda's Liquefaction      Hex/Erth       55%        N/A       0%          4
 Petrify                  Tmut/Erth      100%       N/A       0%          4
 Animate Skeleton         Necr           100%       N/A       1%          1
 Beastly Appendage        Tmut           100%       N/A       1%          1
 Corona                   Hex            83%        N/A       1%          1
 Pain                     Necr           100%       1d9       1%          1
 Call Imp                 Summ           89%        N/A       1%          2
 Corpse Rot               Necr/Air       N/A        N/A       1%          2
 Ensorcelled Hibernation  Hex/Ice        100%       N/A       1%          2
 Poisonous Vapours        Pois/Air       100%       N/A       1%          2
 Slow                     Hex            75%        N/A       1%          2
 Wereblood                Tmut           73%        N/A       1%          2
 Call Canine Familiar     Summ           89%        N/A       1%          3
 Confusing Touch          Hex            75%        N/A       1%          3
 Ignite Poison            Fire/Tmut/Pois 89%        N/A       1%          3
 Portal Projectile        Hex/Tloc       100%       N/A       1%          3
 Spider Form              Tmut/Pois      31%        N/A       1%          3
 Summon Guardian Golem    Hex/Summ       82%        N/A       1%          3
 Tukima's Dance           Hex            75%        N/A       1%          3
 Vampiric Draining        Necr           26%        2d9       1%          3
 Airstrike                Air            46%        N/A       1%          4
 Cause Fear               Hex            37%        N/A       1%          4
 Ice Form                 Ice/Tmut       82%        N/A       1%          4
 Passage of Golubria      Tloc           N/A        N/A       1%          4
 Summon Ice Beast         Ice/Summ       93%        N/A       1%          4
 Summon Lightning Spire   Summ/Air       91%        N/A       1%          4
 Animate Dead             Necr           26%        N/A       2%          4
 Fireball                 Conj/Fire      77%        3d29      0%          5
 Iskenderun's Battlesphe  Conj           100%       2d15      0%          5
 Lee's Rapid Deconstruct  Erth           66%        3d31*     0%          5
 Lightning Bolt           Conj/Air       70%        1d95      0%          5
 Iron Shot                Conj/Erth      79%        9d14      0%          6
 Starburst                Conj/Fire      77%        8x6d20    0%          6
 Hydra Form               Tmut           36%        N/A       1%          5
 Irradiate                Conj/Tmut      67%        3d35      1%          5
 Manifold Assault         Tloc           100%       N/A       1%          5
 Silence                  Hex/Air        42%        N/A       1%          5
 Summon Forest            Summ/Tloc      48%        N/A       1%          5
 Summon Mana Viper        Hex/Summ       82%        N/A       1%          5
 Yara's Violent Unravell  Hex/Tmut       37%        3d15      1%          5
 Freezing Cloud           Conj/Ice/Air   74%        6-21      1%          6
 Statue Form              Tmut/Erth      72%        N/A       1%          6
 Shadow Creatures         Summ           N/A        N/A       2%          6
 Metabolic Englaciation   Hex/Ice        42%        N/A       3%          5
 Eringya's Noxious Bog    Tmut/Pois      31%        N/A       5%          6
 Agony                    Necr           52%        N/A       8%          5
 Invisibility             Hex            75%        N/A       9%          6
 Blade Hands              Tmut           36%        N/A       10%         6
 Summon Hydra             Summ           44%        N/A       13%         7
 Disjunction              Tloc           52%        N/A       19%         8
 Simulacrum               Ice/Necr       34%        N/A       38%         6
 Dragon Form              Tmut           36%        N/A       50%         7
 Ozocubu's Refrigeration  Ice            34%        4d11      50%         7
 Discord                  Hex            37%        N/A       98%         8
 Borgnjor's Revivificati  Necr           26%        N/A       100%        8
 Infestation              Necr           26%        N/A       100%        8
 Necromutation            Tmut/Necr      31%        N/A       100%        8
 Absolute Zero            Ice            34%        ∞         100%        9
 Death's Door             Necr           26%        N/A       100%        9
 Animate Armour           Summ/Erth      Unusable   N/A       N/A         4

Dungeon Overview and Level Annotations

Branches:
Dungeon (15/15)            Temple (1/1) D:5            Lair (6/6) D:9
  Swamp (4/4) Lair:4        Snake (4/4) Lair:2        Slime (0/5) Lair:5
    Orc (2/2) D:11            Elf (3/3) Orc:2        Vaults (5/5) D:13
  Crypt (0/3) Vaults:2     Depths (5/5) D:15            Zot (5/5) Depths:5
 Bailey (visited)         Volcano (visited)

Altars:
Ashenzari
Cheibriados
Dithmenos
Elyvilon
Fedhas
Gozag
Hepliaklqana
Kikubaaqudgha
Makhleb
Nemelex Xobeh
Okawaru
Qazlal
Ru
Sif Muna
Trog
Uskayaw
Vehumet
Wu Jian
Xom
Zin
The Shining One
Beogh

Shops:
D:1 [   D:8 *   D:13 :(=?   Orc:2 *([*   Elf:1 (   Snake:1 !   Snake:2 =:=
Vaults:1 [   Depths:1 (*(?

Portals:
Hell: Depths:1 Depths:2 Depths:3 Depths:4 Depths:5
Abyss: Depths:2 Depths:4
Pandemonium: Depths:3

Annotations:
D:6 Dowan, Duvessa
Lair:3 Gastronok
Elf:2 5 runed translucent doors
Vaults:2 1 transporter
Depths:5 6 runed translucent doors


Innate Abilities, Weirdness & Mutations

You cannot wear most types of armour.
You are amphibious.
You can wear up to eight rings at the same time.
Your skin changes colour to match your surroundings (Stealth+).
Your rubbery body absorbs attacks. (AC +1, EV +1)
((You are camouflaged near water. (Stealth+)))
You have tentacles for arms and can constrict up to eight enemies at once.
You are clumsy. (Dex -2)
You are weak. (Str -2)


Message History

a +0 dagger; a +0 ring mail You see here 26 stones.
There is a stone staircase leading up, spattered with blood here.
You climb upwards.
There is a stone staircase leading down here.
An Ice Fiend comes into view.
Casting: Lehudib's Crystal Spear (mildly dangerous; 1% risk of failure)
Confirm with . or Enter, or press ? or * to list all spells.
Aiming: Fire Storm (dangerous; 2% risk of failure)
Press: ? - help, Dir - move target, f - Ice Fiend
Aim: an Ice Fiend You feel a surge of power!
A raging storm of fire appears!
The great blast of fire engulfs the Ice Fiend!!
The Ice Fiend is burned terribly!
The Ice Fiend is moderately wounded.
The Ice Fiend is engulfed in blazing flames.
Casting: Fire Storm (dangerous; 2% risk of failure)
Confirm with . or Enter, or press ? or * to list all spells.
Aiming: Fire Storm (dangerous; 2% risk of failure)
Press: ? - help, Dir - move target, f/p - Ice Fiend
Aim: an Ice Fiend (flame, moderately wounded)
You feel a surge of power!
A raging storm of fire appears!
The great blast of fire engulfs the Ice Fiend!!!!
The Ice Fiend is burned terribly!
You kill the Ice Fiend!
Vehumet accepts your kill.
You feel your power returning.
Aiming: Dig
Press: ? - help, Shift-Dir - straight line, f - you Please select a direction to dig.
This square is covered in magical glow.
The rock shatters into small pieces.
(D) Dungeon (T) Temple (L) Lair (S) Swamp (P) Snake Pit (M) Slime Pits (O) Orcish Mines (E) Elven Halls (V) Vaults (C) Crypt (U) Depths (H) Hell (Z) Zot
Where to? (Enter - D:1 @ (x,y), ? - help)
Okay, then.
There is a staircase leading out of the dungeon here.
You have escaped!

#.#..# ###.............### #
#.#..# ##.................## #
#.#..# ##......####.........## #
#.#.####.....########........##
..#.###.....###....####.......#
.....##....##........###......##
.#...#....###...###...##.......#
.....#....##...###'#(.###......##
.##..#....##..##@.###..##.......#
..#.##....###..##..##..###v.v...#
8#...##....##.....#....###.vvv..#
.##.####....#######....##....v...
∩.8.# #......####....###vvv.....
.##.# ##............#.##.....v..
8##.# ####......#####.#...vv...
.##.# ### ######## ##.....>v..
###.# #.#### ########.........


There were no monsters in sight!

Vanquished Creatures
  3 dread liches (Zot:5)
  2 ancient liches
  6 orbs of fire (Zot:5)
  A juggernaut (Zot:3)
  5 Killer Klowns
  4 curse toes
  7 golden dragons
  Nikola (Snake:4)
  The ghost of Zuydaofups the Warrior, an adept DrWn of Gozag (Vaults:3)
  2 bone dragons (Depths:5)
  A Brimstone Fiend (Zig:8)
  2 pandemonium lords
  19 tentacled monstrosities
  2 electric golems
  Jorgrun (Orc:2)
  3 Ice Fiends
  26 Orb Guardians
  6 liches
  Asterion (Depths:2)
  9 quicksilver dragons
  4 deep elf blademasters (Elf:3)
  An acid blob (Zig:4)
  5 deep elf master archers (Elf:3)
  A titan (shapeshifter) (Depths:5)
  An Executioner (Zig:10)
  3 titans (Vaults:5)
  Frances (Elf:1)
  2 sphinxes
  2 thorn hunters (Swamp:4)
  12 death cobs
  8 tengu reavers
  14 storm dragons
  7 shadow dragons
  2 revenants
  A storm dragon (shapeshifter) (Zig:7)
  Donald (Snake:4)
  2 draconian monks
  7 nagarajas (Snake:4)
  2 iron dragons
  A fire giant (shapeshifter) (Depths:2)
  12 frost giants
  3 deep elf sorcerers (Elf:3)
  A balrug (Zig:10)
  3 draconian shifters
  3 orc warlords
  A cacodemon (Depths:3)
  8 draconian knights
  2 draconian scorchers
  An emperor scorpion (Zig:2)
  19 vault wardens
  2 deep elf elementalists
  9 fire giants
  3 ghouls (Swamp:2)
  3 ghost moths
  5 draconian stormcallers
  3 spriggan defenders
  4 draconian annihilators (Zot:1)
  A caustic shrike zombie (Depths:4)
  17 ironbound preservers
  A quicksilver ooze (Zig:4)
  3 reapers (Depths:1)
  5 deep elf demonologists
  A caustic shrike skeleton (Depths:4)
  19 very ugly things
  3 war gargoyles
  6 vampire knights
  A corrupter (Zig:10)
  17 stone giants
  11 black draconians
  16 green draconians
  13 purple draconians
  17 yellow draconians
  A black sun (Zig:10)
  6 deep elf annihilators (Elf:3)
  A lorocyproca (Zig:10)
  13 red draconians
  5 dire elephants
  17 spark wasps
  A minotaur (shapeshifter) (Vaults:2)
  12 white draconians
  3 bunyips
  An eleionoma (shapeshifter) (Zig:6)
  2 salamander tyrants
  3 green deaths
  5 crystal guardians
  9 yaktaur captains
  7 ettins
  7 fire dragons
  7 deep elf death magi
  4 jiangshi
  Josephine (Lair:5)
  5 eleionomae
  3 deep elf high priests
  A great orb of eyes (shapeshifter) (D:15)
  11 great orbs of eyes
  12 ice dragons
  4 ironbound thunderhulks
  11 naga warriors
  38 vault guards
  A hell beast (Zig:10)
  4 rakshasas
  6 boulder beetles
  36 hydras
  4 peacekeepers
  3 ghost crabs
  An anaconda (shapeshifter) (Vaults:5)
  3 spriggan air magi
  Erica (D:10)
  6 centaur warriors
  2 catoblepae
  3 death knights
  6 ironbound frosthearts
  3 ogre magi (Vaults:5)
  9 anacondas
  9 dancing weapons
  5 two-headed ogres
  3 hell hogs
  5 tengu warriors
  16 death yaks
  4 orc high priests
  10 alligators
  A thrashing horror (Zig:9)
  7 deep troll shamans
  3 titan zombies
  15 shock serpents
  7 ironbound beastmasters
  3 vampire magi
  10 deep troll earth magi
  5 spriggans
  5 sun demons
  9 deep elf knights
  15 naga sharpshooters
  Sonja (D:10)
  Nergalle (Orc:1)
  4 spriggan berserkers
  A storm dragon zombie (Depths:4)
  2 soul eaters (Depths:1)
  2 titan skeletons
  6 hell knights
  A fire crab (shapeshifter) (Vaults:2)
  11 iron trolls
  3 golden dragon zombies (Depths:4)
  A fire crab (Lair:5)
  A sea snake (Snake:2)
  A storm dragon skeleton (Depths:4)
  5 goliath frogs
  5 salamander mystics
  5 skeletal warriors
  2 spark wasp zombies (Depths:4)
  49 deep trolls
  2 flayed ghosts (Depths:4)
  2 spriggan druids
  4 large abominations
  6 naga ritualists
  10 bog bodies
  A shadow dragon zombie (Abyss:2)
  An obsidian statue (Zig:3)
  5 phantasmal warriors
  4 glowing orange brains
  A shadow demon (Zig:10)
  2 orange crystal statues (Zig:3)
  17 wizards
  10 deep elf archers
  17 ironbound convokers
  8 swamp dragons
  2 golden dragon skeletons
  11 necromancers
  15 lindwurms
  28 deep elf zephyrmancers
  An orb spider (Zig:2)
  A lindwurm (shapeshifter) (Vaults:5)
  12 orc knights
  2 tengu zombies (Vaults:4)
  40 deep elf pyromancers
  3 harpies (Vaults:1)
  4 oklob plants (Lair:3)
  An orc sorcerer (Orc:2)
  3 tengu skeletons (Depths:4)
  A manticore (D:12)
  10 salamanders
  8 spectral spriggans (Swamp:2)
  2 human zombies (Vaults:4)
  15 mana vipers
  A wolf spider (D:15)
  A draconian (Zot:3)
  26 moths of wrath
  5 will-o-the-wisps
  A moth of wrath (shapeshifter) (Zig:7)
  A frost giant zombie (Zig:8)
  36 ugly things
  17 elephants
  5 cyclopes
  A human skeleton (Vaults:4)
  34 black mambas
  2 frost giant skeletons
  A guardian serpent (shapeshifter) (Elf:1)
  21 vault sentinels
  4 smoke demons
  9 guardian serpents
  An ice statue (Zig:3)
  14 naga magi
  3 apocalypse crabs
  A rust devil (Depths:3)
  6 torpor snails
  An eye of devastation (Zig:4)
  An eye of devastation (shapeshifter) (Vaults:5)
  A hellion (Depths:1)
  A yaktaur zombie (Vaults:5)
  A kobold demonologist (D:11)
  2 unseen horrors
  A spriggan skeleton (Zig:8)
  23 cane toads
  13 komodo dragons
  2 tormentors (Zig:10)
  A demonic crawler (Zig:2)
  28 yaktaurs
  6 rime drakes
  5 tengu conjurers
  3 efreet
  2 freezing wraiths
  3 hellwings
  2 meliai (D:13)
  4 bloated husks
  A meliai (shapeshifter) (Vaults:5)
  5 polar bears
  13 trolls
  13 hornets
  A red devil (Zig:8)
  A wolf spider simulacrum (D:15)
  10 tyrant leeches
  A blink frog (shapeshifter) (D:13)
  2 raiju (Zig:9)
  A snapping turtle (shapeshifter) (Zig:7)
  2 dream sheep (Lair:6)
  14 blink frogs
  26 slime creatures
  An ettin skeleton (Vaults:4)
  A ynoxinul (Depths:3)
  3 air elementals
  2 shadows
  A tarantella (shapeshifter) (Vaults:5)
  6 water elementals
  3 wyverns
  5 flying skulls
  A human (shapeshifter) (D:15)
  2 vampires
  9 basilisks
  14 fire bats (Volcano)
  A golden eye (Zig:4)
  9 wraiths
  3 hogs (Snake:4)
  8 fire elementals
  2 neqoxecs (Zig:9)
  52 yaks
  Grum (D:10)
  A steam dragon (Lair:3)
  15 vampire mosquitoes
  3 elf skeletons
  3 wargs
  4 chaos spawn
  Edmund (D:4)
  An acid dragon (D:9)
  12 water moccasins
  34 nagas
  A floating eye (shapeshifter) (Vaults:4)
  12 swamp worms
  2 hell hounds (Volcano)
  9 swamp drakes
  A floating eye (Depths:5)
  2 sky beasts
  A small abomination (Abyss:2)
  2 ice beasts
  A black bear (D:6)
  36 orc warriors
  5 ogres
  2 boggarts (Elf:3)
  18 wolves
  2 centaurs
  13 bullfrogs
  A kobold brigand (D:8)
  2 earth elementals
  A wyvern zombie (D:6)
  A glowing shapeshifter simulacrum (Vaults:4)
  3 water moccasin skeletons
  6 killer bees
  9 wights (D:9)
  12 howler monkeys
  7 electric eels
  7 lava snakes (Volcano)
  A bullfrog zombie (D:6)
  6 centaur zombies
  2 bullfrog skeletons
  2 hounds (D:4)
  4 jellies
  2 centaur skeletons
  22 orc priests
  3 iguanas
  28 orc wizards
  6 hell rats (Lair:4)
  A centaur simulacrum (D:10)
  3 human simulacra
  Robin (D:3)
  6 adders
  2 shadow imps (D:7)
  5 white imps
  A howler monkey simulacrum (D:10)
  2 ufetubi
  A worm (D:9)
  A dart slug (D:1)
  148 orcs
  4 ball pythons (D:2)
  10 bats
  5 endoplasms
  3 giant cockroaches
  11 goblins
  7 hobgoblins
  8 jackals (D:1)
  6 quokkas
  A quokka (shapeshifter) (Depths:4)
  4 frilled lizards
  13 kobolds
  3 rats
  10 ball lightnings (Zig:6)
  2 fire vortices (Zot:5)
  A foxfire (Zig:9)
  15 fulminant prisms
2236 creatures vanquished.

Vanquished Creatures (collateral kills)
  An orb of fire (Zot:5)
  Kirke (Snake:4)
  A deep elf sorcerer (Elf:3)
  2 vault wardens
  A fire giant (Depths:3)
  A caustic shrike zombie (Depths:4)
  An orc warlord (Vaults:3)
  7 ironbound preservers
  A vampire knight (Vaults:2)
  A very ugly thing (Depths:3)
  2 deep elf demonologists (Elf:3)
  An eidolon (Vaults:2)
  A fire dragon (Depths:2)
  2 ironbound thunderhulks (Vaults:4)
  2 vault guards (Vaults:4)
  3 hell knights
  15 deep trolls
  A wizard (Vaults:4)
  3 orc knights (Vaults:3)
  A necromancer (Vaults:4)
  2 ironbound convokers (Vaults:4)
  A deep elf pyromancer (Elf:3)
  A deep elf zephyrmancer (Elf:3)
  5 ugly things
  A yaktaur (Vaults:2)
  A wraith (Vaults:2)
  A human simulacrum (Vaults:4)
  A nameless horror (Vaults:3)
61 creatures vanquished.

Vanquished Creatures (others)
  A moth of wrath (shapeshifter) (Zig:6)
  A yaktaur (Vaults:4)
  A water elemental (Elf:2)
  An air elemental (Elf:2)
  A centaur (D:9)
  A human simulacrum (D:9)
  An orc (Orc:2)
  4 fire vortices (Zot:5)
  5 foxfires
  385 fulminant prisms
  63 fungi
  116 plants
580 creatures vanquished.

Grand Total: 2877 creatures vanquished

Notes
Turn   | Place    | Note
-------+----------+-------------------------------------------
     0 | D:1      | Charly the Octopode Conjurer began the quest for the Orb.
     0 | D:1      | Reached XP level 1. HP: 11/11 MP: 3/3
   180 | D:1      | Found Kehyll's Antique Armour Shop.
   290 | D:1      | Reached XP level 2. HP: 17/17 MP: 0/5
   387 | D:1      | Learned a level 2 spell: Searing Ray
   919 | D:1      | Reached XP level 3. HP: 21/21 MP: 2/6
  1411 | D:1      | Learned a level 3 spell: Conjure Flame
  1582 | D:2      | Reached skill level 5 in Conjurations
  1613 | D:2      | Found a faded altar of an unknown god.
  1656 | D:2      | Reached XP level 4. HP: 27/27 MP: 2/8
  2769 | D:3      | Learned a level 2 spell: Blink
  2980 | D:3      | Reached XP level 5. HP: 31/31 MP: 3/9
  3261 | D:3      | Noticed Robin
  3632 | D:3      | Killed Robin
  3933 | D:3      | Reached skill level 1 in Fire Magic
  4043 | D:4      | Noticed Edmund
  4165 | D:4      | Reached XP level 6. HP: 30/36 MP: 5/11
  5082 | D:5      | Entered Level 5 of the Dungeon
  5127 | D:5      | Noticed a sky beast
  5154 | D:5      | Killed a sky beast
  5155 | D:5      | Reached XP level 7. HP: 41/41 MP: 0/13
  5276 | D:5      | Found a staircase to the Ecumenical Temple.
  5292 | Temple   | Entered the Ecumenical Temple
  5355 | Temple   | Became a worshipper of Vehumet
  6319 | D:5      | Reached XP level 8. HP: 43/46 MP: 6/14
  6410 | D:5      | Found an opulent altar of Gozag.
  6601 | D:5      | Learned a level 4 spell: Iskenderun's Mystic Blast
  6606 | D:5      | Learned a level 4 spell: Fulminant Prism
  6719 | D:6      | Noticed Dowan
  6719 | D:6      | Noticed Duvessa
  7138 | D:4      | Killed Edmund
  7139 | D:4      | Reached skill level 1 in Translocations
  7412 | D:6      | You are sucked into a shaft and drop 1 floor!
  7418 | D:7      | Identified a scroll of acquirement
  7418 | D:7      | Acquired a staff of conjuration
  7419 | D:7      | Noticed a troll
  7637 | D:6      | Found a hide-covered altar of Uskayaw.
  7637 | D:6      | Found a shimmering blue altar of Sif Muna.
  7640 | D:6      | Reached skill level 5 in Spellcasting
  7958 | D:6      | Found a sacrificial altar of Ru.
  8487 | D:7      | Reached XP level 9. HP: 47/51 MP: 6/17
  8828 | D:7      | Reached * piety under Vehumet
  8828 | D:7      | Offered knowledge of Foxfire by Vehumet.
  9963 | D:8      | Reached skill level 10 in Conjurations
 10308 | D:8      | Reached skill level 5 in Translocations
 10598 | D:8      | Noticed a two-headed ogre
 10646 | D:8      | Found Utoenih's General Store.
 10654 | D:8      | Bought a scroll of identify for 28 gold pieces
 10654 | D:8      | Bought a scroll of summoning for 133 gold pieces
 10654 | D:8      | Bought a potion of berserk rage for 70 gold pieces
 10765 | D:8      | Killed a two-headed ogre
 10766 | D:8      | Reached XP level 10. HP: 56/56 MP: 11/20
 11514 | D:8      | Found a hazy altar of Hepliaklqana.
 11642 | D:9      | Noticed a death yak
 11785 | D:9      | Noticed a death yak
 12139 | D:9      | Reached ** piety under Vehumet
 12139 | D:9      | Offered knowledge of Shock by Vehumet.
 12492 | D:9      | Found a snail-covered altar of Cheibriados.
 12757 | D:9      | Noticed a death yak
 12928 | D:9      | Killed a death yak
 12943 | D:9      | Killed a death yak
 12944 | D:9      | Reached XP level 11. HP: 44/61 MP: 2/23
 13126 | D:9      | Found a staircase to the Lair.
 13669 | D:10     | Entered Level 10 of the Dungeon
 13669 | D:10     | Noticed Sonja
 13677 | D:10     | Killed Sonja
 13789 | D:10     | Noticed Grum
 13861 | D:9      | Killed a death yak
 14080 | D:10     | Noticed a seven-headed hydra
 14332 | D:10     | Killed Grum
 14340 | D:10     | Noticed a two-headed ogre
 14447 | D:10     | Noticed Erica
 14455 | D:10     | Killed Erica
 14705 | D:10     | Killed a seven-headed hydra
 14805 | D:10     | Noticed a cyclops
 14827 | D:10     | Killed a cyclops
 14995 | D:10     | Killed a two-headed ogre
 15386 | D:10     | Reached XP level 12. HP: 66/66 MP: 14/25
 15502 | D:10     | Offered knowledge of Stone Arrow by Vehumet.
 15673 | D:10     | Found an iron altar of Okawaru.
 16473 | D:11     | Noticed a tengu warrior
 16743 | Lair:1   | Entered Level 1 of the Lair of Beasts
 16902 | Lair:1   | Reached skill level 1 in Fighting
 17903 | Lair:2   | Reached *** piety under Vehumet
 18136 | Lair:2   | Found a staircase to the Snake Pit.
 18189 | Lair:2   | Noticed an eight-headed hydra
 18198 | Lair:2   | Killed an eight-headed hydra
 18269 | Lair:2   | Reached skill level 5 in Dodging
 18481 | Lair:2   | Reached skill level 5 in Fighting
 18740 | Lair:2   | Offered knowledge of Static Discharge by Vehumet.
 19510 | Lair:3   | Noticed an eight-headed hydra
 19924 | Lair:3   | Reached XP level 13. HP: 85/85 MP: 21/26
 19965 | Lair:3   | Noticed Gastronok
 20217 | Lair:3   | Reached **** piety under Vehumet
 20796 | Lair:3   | Offered knowledge of Hailstorm by Vehumet.
 22361 | Lair:3   | Identified the +10 dagger "Jumefuvvai" {pain, rC+ Will+
                  | Stlth+}
 22678 | Lair:4   | Found a dark tunnel.
 22687 | Volcano  | Entered a volcano
 23230 | Volcano  | Noticed a fire dragon
 23714 | Volcano  | Killed a fire dragon
 23722 | Volcano  | Found a burning altar of Makhleb.
 24061 | Lair:4   | Reached skill level 10 in Dodging
 24085 | Lair:4   | Learned a level 5 spell: Irradiate
 24626 | Lair:4   | Found a staircase to the Swamp.
 24645 | Lair:4   | Reached skill level 10 in Fighting
 24767 | Lair:4   | Reached XP level 14. HP: 86/99 MP: 11/27
 26688 | Lair:5   | Reached ***** piety under Vehumet
 26688 | Lair:5   | Offered knowledge of Airstrike by Vehumet.
 27628 | Lair:5   | Found a staircase to the Slime Pits.
 27890 | Lair:5   | Noticed Josephine
 27897 | Lair:5   | Killed Josephine
 28189 | Lair:5   | Found the +8 demon blade "Leech" {vamp, *Rage +Rage rN+}
 28356 | Lair:5   | Reached skill level 1 in Shields
 29008 | Lair:5   | Identified the +2 cloak of Apathy {Fly rF- Will+ Str+6}
 29575 | Lair:6   | Entered Level 6 of the Lair of Beasts
 29708 | Lair:6   | Identified the +0 quarterstaff "Giyqubluwk" {spect, rElec
                  | rPois Int+8 Dex-5}
 29721 | Lair:6   | Reached XP level 15. HP: 109/109 MP: 28/28
 29945 | Lair:6   | Reached XP level 16. HP: 116/116 MP: 7/29
 30334 | Lair:6   | Found a runed translucent door.
 31880 | Lair:6   | Offered knowledge of Conjure Ball Lightning by Vehumet.
 33852 | D:11     | Reached skill level 5 in Shields
 34339 | D:11     | Found a staircase to the Orcish Mines.
 34696 | D:11     | Identified the +2 helmet of Ysaef {rC+ Dex+2}
 35187 | D:12     | Found a flagged portal.
 35196 | Bailey   | Entered a bailey
 35379 | Bailey   | Reached skill level 1 in Transmutations
 36908 | D:12     | Acquired the ring of Xotumoam {+Blink rElec Int+6}
 36953 | D:12     | Identified the +8 hand crossbow "Onagg" {vorpal, Will+}
 37277 | D:12     | Learned a level 7 spell: Orb of Destruction
 37283 | D:12     | Learned a level 5 spell: Bolt of Magma
 37654 | D:12     | Found the +3 warlock's mirror {reflect}
 37750 | D:13     | Found Qaorchoxt's Magic Scroll Shop.
 37755 | D:13     | Bought a scroll of fog for 20 gold pieces
 37755 | D:13     | Bought a scroll of teleportation for 30 gold pieces
 37755 | D:13     | Bought a scroll of acquirement for 520 gold pieces
 37755 | D:13     | Acquired a ring of protection from fire
 38271 | D:13     | Found Toetong's Jewellery Shoppe.
 38278 | D:13     | Bought a ring of protection from cold for 300 gold pieces
 38278 | D:13     | Bought a +4 ring of evasion for 432 gold pieces
 38278 | D:13     | Bought a ring of see invisible for 180 gold pieces
 38293 | D:13     | Reached XP level 17. HP: 124/124 MP: 22/30
 38351 | D:13     | Reached skill level 1 in Earth Magic
 38426 | D:13     | Learned a level 6 spell: Iron Shot
 38590 | D:13     | Found Zir Wous's Book Shoppe.
 38624 | D:13     | Offered knowledge of Lightning Bolt by Vehumet.
 38946 | D:13     | Found a gate to the Vaults.
 38985 | D:13     | Found Wetza's Antique Weapon Boutique.
 39001 | D:13     | Reached skill level 10 in Spellcasting
 39001 | D:13     | Reached skill level 15 in Conjurations
 40329 | D:15     | Entered Level 15 of the Dungeon
 40489 | D:15     | Found a staircase to the Depths.
 40803 | D:15     | Found a bloodstained altar of Trog.
 41521 | D:15     | Learned a level 7 spell: Spellforged Servitor
 41759 | Orc:1    | Entered Level 1 of the Orcish Mines
 41759 | Orc:1    | Noticed Nergalle
 41761 | Orc:1    | Killed Nergalle
 41770 | Orc:1    | Reached skill level 5 in Fire Magic
 42219 | Orc:1    | Reached skill level 1 in Summonings
 42879 | Orc:2    | Entered Level 2 of the Orcish Mines
 43043 | Orc:2    | Noticed Jorgrun
 43047 | Orc:2    | Killed Jorgrun
 43171 | Orc:2    | Found a staircase to the Elven Halls.
 43751 | Orc:2    | Found Xucen's Assorted Antiques.
 45028 | Orc:2    | Offered knowledge of Ozocubu's Refrigeration by Vehumet.
 45408 | Orc:2    | Found Bebb's Antique Weapon Emporium.
 45413 | Orc:2    | Found Zemell's Antique Armour Shoppe.
 45540 | Orc:2    | Found Humusut's General Store.
 46070 | Orc:2    | Bought a scroll of acquirement for 884 gold pieces
 46070 | Orc:2    | Acquired 703 gold pieces
 46072 | Orc:2    | Bought a scroll of fear for 59 gold pieces
 46133 | Orc:2    | Bought a scroll of fog for 68 gold pieces
 46133 | Orc:2    | Bought a potion of brilliance for 136 gold pieces
 46328 | Snake:1  | Entered Level 1 of the Snake Pit
 47504 | Snake:1  | Found Tulec's Distillery.
 47541 | Snake:1  | Bought a potion of cancellation for 144 gold pieces
 47541 | Snake:1  | Bought a potion of haste for 180 gold pieces
 47541 | Snake:1  | Bought a potion of curing for 54 gold pieces
 47541 | Snake:1  | Bought a potion of brilliance for 72 gold pieces
 47541 | Snake:1  | Bought a potion of curing for 54 gold pieces
 47880 | Snake:2  | Reached XP level 18. HP: 130/130 MP: 2/32
 47881 | Snake:2  | Reached skill level 5 in Earth Magic
 49305 | Snake:2  | Found Pioheczu's Jewellery Emporium.
 49307 | Snake:2  | Found Kelip's Book Boutique.
 49308 | Snake:2  | Found Reolodyasa's Jewellery Emporium.
 50769 | Snake:3  | Reached ****** piety under Vehumet
 50962 | Snake:3  | Identified the +7 flail "Isharuvi" {vamp, Str+3}
 51121 | Snake:4  | Entered Level 4 of the Snake Pit
 51284 | Snake:4  | Reached skill level 5 in Summonings
 51378 | Snake:4  | Noticed Nikola
 51395 | Snake:4  | Killed Nikola
 51985 | Snake:4  | Offered knowledge of Eringya's Noxious Bog by Vehumet.
 52317 | Snake:4  | Reached skill level 10 in Shields
 54189 | Snake:4  | Reached XP level 19. HP: 135/135 MP: 25/34
 54798 | Snake:4  | Got a serpentine rune of Zot
 55921 | Snake:4  | Noticed Kirke
 55925 | Snake:4  | Killed Kirke
 56175 | Snake:4  | Noticed Donald
 56183 | Snake:4  | Killed Donald
 56615 | Swamp:1  | Entered Level 1 of the Swamp
 57782 | Swamp:2  | Offered knowledge of Yara's Violent Unravelling by Vehumet.
 60777 | Swamp:4  | Entered Level 4 of the Swamp
 60809 | Swamp:4  | Reached XP level 20. HP: 142/142 MP: 24/36
 61130 | Swamp:4  | Offered knowledge of Chain Lightning by Vehumet.
 62710 | Swamp:4  | Got a decaying rune of Zot
 63178 | Vaults:1 | Entered Level 1 of the Vaults
 63525 | Vaults:1 | Reached skill level 5 in Stealth
 64655 | Vaults:1 | Found Melytyij's Armour Emporium.
 65008 | Vaults:1 | Offered knowledge of Lehudib's Crystal Spear by Vehumet.
 65008 | Vaults:1 | Offered knowledge of Shatter by Vehumet.
 65008 | Vaults:1 | Offered knowledge of Ignition by Vehumet.
 65144 | Vaults:1 | Cast into level 2 of the Abyss (a wizard)
 65455 | Vaults:1 | Escaped the Abyss
 65532 | Vaults:1 | Learned a level 6 spell: Dispersal
 67163 | Elf:1    | Entered Level 1 of the Elven Halls
 67692 | Elf:1    | Reached XP level 21. HP: 148/148 MP: 32/38
 68730 | Elf:1    | Found Cesmucre's Weapon Boutique.
 69029 | Elf:1    | Noticed Frances
 69045 | Elf:1    | Killed Frances
 70232 | Elf:2    | Learned a level 2 spell: Swiftness
 71471 | Elf:2    | Found a huge runed translucent gate.
 71471 | Elf:2    | Found a huge runed translucent gate.
 71471 | Elf:2    | Found a huge runed translucent gate.
 71472 | Elf:2    | Found a huge runed translucent gate.
 71472 | Elf:2    | Found a huge runed translucent gate.
 71717 | Elf:3    | Entered Level 3 of the Elven Halls
 71724 | Elf:3    | Learned a level 2 spell: Passwall
 72321 | Elf:3    | Reached skill level 10 in Translocations
 72943 | Elf:3    | Identified the ring "Aluotuyr" {rF+ Dex+6}
 73293 | Elf:3    | Identified the ring of Yffiatug {rF+ AC+4 Int+3}
 73857 | Elf:3    | Identified the +9 chain mail "Buzan" {-Cast Slay+5 SInv
                  | Stlth+}
 73914 | Elf:3    | Identified the +5 bardiche of Destiny {speed, rC+ Will-
                  | MP+9 Dex+3}
 73914 | Elf:3    | Identified the ring "Gevoecsa" {rF++ EV+4 Slay+3}
 74180 | Elf:3    | Reached XP level 22. HP: 154/154 MP: 22/40
 74363 | Elf:3    | Identified the +7 falchion of Pandemonium {vorpal, rElec
                  | rC- Dex+5}
 76102 | Vaults:2 | Found a transporter.
 76150 | Vaults:2 | Found a transporter.
 76711 | Vaults:2 | Found a staircase to the Crypt.
 77281 | Vaults:3 | Reached skill level 10 in Earth Magic
 78442 | Vaults:3 | Reached skill level 15 in Spellcasting
 78938 | Vaults:3 | Found a large runed translucent door.
 78939 | Vaults:3 | Found a large runed translucent door.
 78940 | Vaults:3 | Noticed Zuydaofups's ghost (adept DrWn)
 80182 | Vaults:3 | Killed Zuydaofups's ghost
 80426 | Vaults:3 | Identified the +2 long sword "Iminuig" {venom, Will+
                  | Stlth+}
 80993 | Vaults:4 | Reached XP level 23. HP: 160/160 MP: 20/42
 80998 | Vaults:4 | Reached skill level 15 in Shields
 82541 | Vaults:4 | Reached skill level 15 in Earth Magic
 82729 | Vaults:4 | Learned a level 9 spell: Shatter
 82739 | Vaults:4 | Learned a level 8 spell: Lehudib's Crystal Spear
 83067 | Depths:1 | Entered Level 1 of the Depths
 83158 | Depths:1 | Found Suraamel's Weapon Shop.
 83158 | Depths:1 | Found Pyku's General Store.
 83159 | Depths:1 | Found Gaqit's Weapon Boutique.
 83161 | Depths:1 | Found Bof Cune's Magic Scroll Shop.
 83174 | Depths:1 | Bought a scroll of teleportation for 60 gold pieces
 83177 | Depths:1 | Bought a scroll of teleportation for 42 gold pieces
 83177 | Depths:1 | Bought a potion of cancellation for 112 gold pieces
 83458 | Depths:1 | Found a sacrificial altar of Ru.
 83535 | Depths:1 | Found a gateway to a ziggurat.
 84432 | Depths:1 | Found a gateway to Hell.
 84749 | Depths:1 | Identified the +1 demon trident of Royalism {freeze,
                  | Fragile rElec MP+9}
 85391 | Depths:2 | Found a one-way gate to the infinite horrors of the Abyss.
 85778 | Depths:2 | Noticed Asterion
 85845 | Depths:2 | Killed Asterion
 85847 | Depths:2 | Identified the +7 dagger "Soniommyavu" {flame, +Rage MP+9
                  | Stlth-}
 86878 | Depths:2 | Reached XP level 24. HP: 163/166 MP: 30/43
 88490 | Depths:3 | Found a one-way gate leading to the halls of Pandemonium.
 89068 | Depths:3 | Found a portal to a secret trove of treasure.
 89073 | Trove    | Entered a treasure trove
 89086 | Trove    | Identified the +0 hat "Loys" {Will+ Dex+3}
 89104 | Trove    | Identified the ring of Raufekoi {rPois rN+ MP+9 Str+4}
 89106 | Trove    | Identified the ring "Wusirphep" {Will+ AC+4}
 89171 | Depths:3 | You fall into a shaft and drop 2 floors!
 89171 | Depths:5 | Entered Level 5 of the Depths
 90511 | Depths:4 | Found a white marble altar of Elyvilon.
 93153 | Depths:5 | Reached XP level 25. HP: 161/171 MP: 44/44
 94947 | Depths:5 | Found a runed translucent door.
 94960 | Depths:5 | Found a runed translucent door.
 95001 | Depths:5 | Found a runed translucent door.
 95006 | Depths:5 | Found a runed translucent door.
 95060 | Depths:5 | Found a gate to the Realm of Zot.
 95244 | Depths:5 | Found a runed translucent door.
 95256 | Depths:5 | Found a runed translucent door.
 95679 | D:13     | Bought a smoking fustibalus for 560 gold pieces
 95679 | D:13     | Identified the +6 fustibalus "Hideong" {venom, rPois Will-
                  | Dex+3 SInv} (You bought it in a shop on level 13 of the
                  | Dungeon)
 96104 | Vaults:5 | Entered Level 5 of the Vaults
 96121 | Vaults:5 | Noticed an ancient lich
 96122 | Vaults:5 | Killed an ancient lich
 96129 | Vaults:5 | Reached XP level 26. HP: 103/178 MP: 45/45
 96379 | Vaults:4 | Learned a level 8 spell: Chain Lightning
 96385 | Vaults:5 | Reached skill level 1 in Air Magic
 96642 | Vaults:5 | Identified the +4 mace of Cybuur {vamp, rPois SInv}
 96740 | Vaults:5 | Acquired 904 gold pieces
 96969 | Vaults:5 | Identified the +3 spear of the Distant Future {drain,
                  | Str+5}
 97120 | Vaults:5 | Identified the +9 demon trident "Ugoit" {flame, Str+7}
 97262 | Vaults:5 | Got a silver rune of Zot
 97401 | Vaults:5 | Identified the +6 scale mail of Gehenna {rC+ Str-2 Int+6
                  | Dex+2}
 97920 | Zot:1    | Entered Level 1 of the Realm of Zot
 98020 | Zot:1    | Reached skill level 5 in Air Magic
 98878 | Zot:1    | Reached skill level 10 in Stealth
 98882 | Zot:1    | Reached XP level 27. HP: 138/183 MP: 42/46
100295 | Zot:1    | Upgraded the game from 0.27-a0-909-g0721f309d1 to
                  | 0.27-a0-920-gb2bd10914a
101566 | Zot:2    | Identified the +5 scale mail of Patterns {Str+3 Int+4
                  | Slay+3}
101596 | Zot:2    | Reached skill level 15 in Stealth
101774 | Zot:3    | Noticed a juggernaut
101776 | Zot:3    | Killed a juggernaut
103005 | Zot:3    | Learned a level 9 spell: Fire Storm
105418 | Zot:5    | Entered Level 5 of the Realm of Zot
105981 | Vaults:2 | Reached skill level 10 in Fire Magic
106201 | Vaults:2 | Identified the ring "Ducvec" {Fly SInv}
106263 | Vaults:2 | Identified the ring "Itie" {Ice Will+ Int+2}
106433 | Vaults:2 | Identified the +2 robe of Viarenk {Int+8 Dex+5 Stlth-}
106765 | Zig:1    | Entered Level 1 of a ziggurat
106791 | Zig:2    | Entered Level 2 of a ziggurat
106852 | Zig:3    | Entered Level 3 of a ziggurat
106868 | Zig:4    | Entered Level 4 of a ziggurat
106928 | Zig:4    | Identified the ring of Porphone {rPois rC++ Int+4}
106942 | Zig:5    | Entered Level 5 of a ziggurat
107020 | Zig:6    | Entered Level 6 of a ziggurat
107023 | Zig:6    | Noticed Siosusm the pandemonium lord
107024 | Zig:6    | Found the +8 orange crystal plate armour {Archmagi, Int+3
                  | Clar}
107034 | Zig:6    | Killed Siosusm the pandemonium lord
107209 | Zig:7    | Entered Level 7 of a ziggurat
107231 | Zig:7    | Identified the +1 trident of Kukh {drain, *Rage *Slow
                  | Will+++ Int+4}
107236 | Zig:8    | Entered Level 8 of a ziggurat
107357 | Zig:9    | Entered Level 9 of a ziggurat
107372 | Zig:9    | Found the +3 crown of Dyrovepreva {rElec Int+2 SInv}
107426 | Zig:10   | Entered Level 10 of a ziggurat
107435 | Zig:10   | Noticed Qausede the pandemonium lord
107442 | Zig:10   | Killed Qausede the pandemonium lord
107827 | Zig:10   | Identified the +1 plate armour of Ysipn {rElec Int+4}
107832 | Zig:10   | Identified the +11 great sword of the Glowing Asp {vorpal,
                  | Fly rPois}
108495 | Zot:5    | Found the +7 lajatang of Order {silver, rMut}
108683 | Zot:5    | Noticed an ancient lich
108685 | Zot:5    | Killed an ancient lich
109118 | Zot:5    | Noticed a dread lich
109122 | Zot:5    | Killed a dread lich
109308 | Zot:5    | Noticed an orb of fire
109312 | Zot:5    | Killed an orb of fire
109380 | Zot:5    | Noticed an orb of fire
109385 | Zot:5    | Killed an orb of fire
109386 | Zot:5    | Reached skill level 15 in Fire Magic
109540 | Zot:5    | Noticed a dread lich
109541 | Zot:5    | Killed a dread lich
109642 | Zot:5    | Noticed an orb of fire
109646 | Zot:5    | Killed an orb of fire
109700 | Zot:5    | Noticed an orb of fire
109702 | Zot:5    | Gained mutation: You are clumsy. (Dex -2) [an orb of fire]
109706 | Zot:5    | Killed an orb of fire
109910 | Zot:5    | Noticed an orb of fire
109914 | Zot:5    | Killed an orb of fire
110004 | Zot:5    | Noticed an orb of fire
110009 | Zot:5    | Killed an orb of fire
110079 | Zot:5    | Noticed an orb of fire
110081 | Zot:5    | Gained mutation: You are weak. (Str -2) [an orb of fire]
110084 | Zot:5    | Killed an orb of fire
110491 | Zot:5    | Noticed a dread lich
110495 | Zot:5    | Killed a dread lich
111032 | Zot:5    | Got the Orb of Zot
111630 | D:$      | Escaped with the Orb!

Illustrated notes

Levels and vault maps discovered:
D:1:      dpeg_arrival_snail, layout_loops_ring, serial_shops,
          nicolae_shop_statue_plus
D:2:      layout_loops_ring, ebering_ecumenical_altar_rust
D:3:      layout_loops_ring, uniq_robin
D:4:      layout_basic, uniq_edmund
D:5:      layout_basic, lemuel_coloured_pillars_altar, minmay_temple_entry_wispy
D:6:      layout_loops_cross, yredelemnul_forgotten_temple_becter,
          general_overflow_altar, chequers_temple_overflow_statue_of_worship,
          uniq_duvessa
D:7:      layout_basic
D:8:      layout_layer_cave, nzn_hepliaklqana_mist_gate, serial_shops, shop
D:9:      layout_roguey, slow_altar_2, dpeg_lair_monsters, bh_circular_ruins
D:10:     layout_gridville, kennysheep_little_box, serial_ice, serial_ice_k,
          serial_ice_b, serial_ice_h, serial_ice_c, serial_ice_e, serial_ice_m,
          serial_ice_n, serial_ice_d, serial_ice_g, serial_ice_f,
          skrybe_limestone_x, grunt_ministairs_1, uniq_erica, uniq_grum,
          uniq_sonja
D:11:     cheibrodos_fzero, layout_rooms, hiddenorc2_lemuel,
          serial_corexii_hall, corexii_hall_statues_deadend,
          corexii_hall_statues_u
D:12:     minmay_smoke_and_mirrors, layout_stronghold, enter_bailey_2,
          kennysheep_generic_room_8
D:13:     layout_long_grid, lightli_vaults_fourway_checkpoint, serial_shops,
          shop_scrolls, nicolae_shop_overgrown_old_shop,
          nicolae_shop_statue_plus, shop, nrook_guardian_serpent_double
D:14:     layout_basic
D:15:     hangedman_depths_entry_try_elsewhere_first, layout_small_grid,
          bloody_trog
Temple:   eino_temple_lava
Lair:1:   layout_roguey, grunt_megastairs_3
Lair:2:   layout_cave_pods, guppyfry_snake_entry_garden, guppyfry_lair_drakes
Lair:3:   layout_cave_pods, beast_lair_carwin_3, minmay_lair_oklob_chamber,
          uniq_gastronok
Lair:4:   layout_layer_cave, minmay_swamp_entry_reptiles, enter_volcano_1,
          minmay_hedge_maze, grunt_megastairs_2
Lair:5:   nzn_winding_woodlands_stair_cross
          [nzn_winding_woodlands_5x15_concentric,
          nzn_winding_woodlands_center_diamonds,
          nzn_winding_woodlands_5x15_sidewinder,
          nzn_winding_woodlands_5x5_closed_star,
          nzn_winding_woodlands_5x5_perimeter,
          nzn_winding_woodlands_5x15_sawtooth,
          nzn_winding_woodlands_center_triple_pond,
          nzn_winding_woodlands_5x15_river_crossing], layout_cave_pods,
          minmay_slime_entry_pillars, st_stairs_5,
          cheibrodos_lair_caveside_slide, uniq_josephine
Lair:6:   hangedman_lair_in_review, layout_misc_corridors, wormcave,
          minivault_23
Swamp:1:  layout_basic_swamp, nicolae_swamp_oxbows
Swamp:2:  nicolae_swamp_flooded_prison, layout_falls_marsh, serial_swamp_ruin,
          evilmike_swamp_ruin_house_1, evilmike_swamp_ruin_house_5,
          evilmike_swamp_ruin_house_2, swamp_pool3
Swamp:3:  layout_basic_swamp, nicolae_swamp_trees_clearing
Swamp:4:  swamp, layout_basic_swamp
Snake:1:  layout_grid_shapes, serial_shops, shop
Snake:2:  layout_onion, serial_bayou_shore_a, minmay_shop_grove
Snake:3:  layout_onion, grunt_megastairs_4
Snake:4:  snake_pit_salamanders_mu, layout_rooms, uniq_donald, uniq_kirke,
          uniq_nikola
Orc:1:    layout_caves, minmay_orc_temple_b, uniq_nergalle
Orc:2:    grunt_orc_community_town_hall, layout_caves,
          grunt_orc_community_big_house_2, grunt_orc_community_big_house_2,
          grunt_orc_community_house_1, grunt_orc_community_house_2,
          grunt_orc_community_house_2, grunt_orc_community_house_1,
          grunt_orc_community_house_2, grunt_orc_community_house_2, uniq_jorgrun
Elf:1:    eino_elf_arrival_customs, layout_onion_city, serial_shops, shop,
          minmay_elf_crystal_hexagon, uniq_frances
Elf:2:    layout_loops_cross, kennysheep_underground_church
Elf:3:    minmay_elf_hall, layout_loops_cross, hangedman_elf_disciples
Vaults:1: ontoclasm_vaults_chip, nicolae_vaults_quartermaster,
          dpeg_vaults_monster_box, v_misc_14, vaults_room_hallway,
          nicolae_vaults_rhombus_6, hangedman_vaults_stream,
          ontoclasm_vaults_ring_square, v_misc_17, hangedman_vaults_corner,
          vaults_standard_mumra_enter_the_diamond, layout_vaults_omnibox,
          serial_shops, shop
Vaults:2: gammafunk_dig_for_victory, vaults_dpeg_diagonal, grunt_vaults_focal,
          v_misc_30, minmay_crypt_entry_simple_statues,
          nicolae_vaults_little_squares_5, nicolae_vaults_diagonal_hallway_7,
          nicolae_vaults_theta, nicolae_vaults_rhombus_7,
          nicolae_vaults_rhombus_5, vaults_standard_mumra_enter_the_diamond,
          grunt_vaults_hallway_short, layout_vaults_big_room
Vaults:3: ebering_vaults_ghost_disaster_area, nicolae_vaults_little_squares_6,
          vaults_room_semicircle, nicolae_vaults_little_squares_4, v_rooms_5,
          nicolae_vaults_back_hallway, v_alt_pattern_6, v_misc_28,
          vaults_mumra_chevron, v_pattern_2, grunt_vaults_hallway_short,
          vaults_room_corners, v_alt_pattern_5, serial_ice_m,
          layout_vaults_omnicross
Vaults:4: vaults_standard_mumra_x, nicolae_vaults_ninety_degrees,
          ontoclasm_vaults_shuriken, hangedman_vaults_capsules, v_misc_9,
          nicolae_vaults_network_periphery, vaults_room_hallway,
          layout_vaults_omnigrid, serial_glass
Vaults:5
Depths:1: layout_honeycomb, enter_ziggurat_a, hellmouth_2,
          minmay_misc_feat_diagonals, minmay_stone_trees_large,
          minmay_tree_intersection, nicolae_ru_path_of_blood,
          serial_bayou_shore_b, minmay_shoptagon
Depths:2: minmay_the_grid_octo_tiled_octocenter_mashed
          [minmay_the_grid_octo_clover_2, minmay_the_grid_octo_empty,
          minmay_the_grid_octo_horde, minmay_the_grid_octo_77,
          minmay_the_grid_octo_prize_star, minmay_the_grid_square_5x5_c,
          minmay_the_grid_square_5x5_inverted_slash,
          minmay_the_grid_square_5x5_n,
          minmay_the_grid_square_5x5_sharp_hourglass], layout_gridlike,
          hell_entry, abyss_entry, kennysheep_cross_bottleneck,
          minmay_staircase_statues, uniq_asterion
Depths:3: kennysheep_funnel, layout_cave_shapes, enter_trove_3, hell_entry,
          rand_demon_pan_entry_9, corexii_corridor_pit,
          hangedman_stitches_earthworm, minmay_staircase_bubble
Depths:4: hangedman_screamer, layout_small_grid, nicolae_elyvilon_temple_path,
          abyss_entry, hell_entry
Depths:5: evilmike_zot_entry_castle, layout_long_grid, hangedman_decor_opposing,
          hell_entry
Zot:1:    layout_cathedral_of_symmetry
Zot:2:    layout_twisted_circle
Zot:3:    ebering_greatest_show_in_zot, layout_misc_corridors
Zot:4:    layout_cathedral_of_symmetry
Zot:5:    layout_misc_corridors, bh_zot_ikea_curve, st_stairs_3

Skill      XL: |  1  2  3  4  5  6  7  8  9 10 11 12 13 14 15 16 17 18 19 20 21 22 23 24 25 26 27 |
---------------+----------------------------------------------------------------------------------+-----
Conjurations   | 5 6 7 9 11 12 14 16 17 18 19 20 22 | 22.4
Spellcasting   | 3 4 5 7 8 9 10 11 12 13 14 15 16 17 18 19 22 | 22.0
Fire Magic     | 1 2 3 5 17 | 17.5
Translocations | 3 5 7 11 | 11.1
Hexes          | 2 3 4 |  4.0
Fighting       | 6 10 12 13 14 | 14.3
Dodging        | 7 10 12 13 14 | 14.4
Shields        | 3 4 7 8 10 11 12 13 14 15 | 15.0
Transmutations | 3 |  3.5
Earth Magic    | 4 5 13 17 19 21 22 | 22.0
Summonings     | 3 5 7 |  7.0
Stealth        | 6 10 19 | 19.5
Air Magic      | 6 8 |  8.0

Action                   |  1- 3 |  4- 6 |  7- 9 | 10-12 | 13-15 | 16-18 | 19-21 | 22-24 | 25-27 || total
-------------------------+-------+-------+-------+-------+-------+-------+-------+-------+-------++-------
Melee: Unarmed           |     2 |     5 |     6 |       |       |       |       |       |       ||    13
       Constrict         |       |     1 |     4 |       |       |     3 |     3 |     3 |       ||    14
       Staff             |       |       |     4 |       |       |     4 |    13 |    14 |       ||    35
       Dagger            |       |       |       |       |       |     2 |       |       |       ||     2
       Tentacles         |       |       |       |       |       |     1 |     1 |     5 |       ||     7
Throw: Dart              |       |       |     9 |       |       |     1 |       |       |       ||    10
 Cast: Magic Dart        |    79 |   119 |    96 |    85 |    44 |   117 |     1 |       |       ||   541
       Searing Ray       |       |     8 |    42 |    54 |    48 |    25 |       |       |       ||   177
       Conjure Flame     |       |     4 |    22 |     2 |       |       |       |       |       ||    28
       Fulminant Prism   |       |       |     3 |   100 |   173 |   112 |     8 |     5 |       ||   401
       Iskenderun's Myst |       |       |     3 |    49 |    79 |   148 |    10 |       |       ||   289
       Irradiate         |       |       |       |       |    14 |    24 |       |       |       ||    38
       Blink             |       |       |       |       |     1 |     5 |     2 |     1 |     3 ||    12
       Orb of Destructio |       |       |       |       |       |   313 |   365 |   288 |   291 ||  1257
       Iron Shot         |       |       |       |       |       |    65 |   198 |    75 |       ||   338
       Bolt of Magma     |       |       |       |       |       |    17 |    17 |    49 |     2 ||    85
       Spellforged Servi |       |       |       |       |       |       |    10 |    26 |     5 ||    41
       Swiftness         |       |       |       |       |       |       |     1 |       |       ||     1
       Lehudib's Crystal |       |       |       |       |       |       |       |   135 |   115 ||   250
       Shatter           |       |       |       |       |       |       |       |       |   154 ||   154
       Chain Lightning   |       |       |       |       |       |       |       |       |    28 ||    28
       Fire Storm        |       |       |       |       |       |       |       |       |    11 ||    11
       Dispersal         |       |       |       |       |       |       |       |       |     4 ||     4
Evoke: Wand              |       |       |       |       |       |    11 |     6 |       |     2 ||    19
       Condenser vane    |       |       |       |       |       |     3 |     2 |       |       ||     5
       Lightning rod     |       |       |       |       |       |     4 |     2 |       |       ||     6
       Tin of tremorston |       |       |       |       |       |       |       |       |     1 ||     1
  Use: Scroll            |       |     1 |     8 |     5 |     7 |    16 |    11 |     3 |     9 ||    60
       Potion            |       |       |     1 |       |     4 |     1 |     1 |     1 |    13 ||    21
Armor: Skin              |     1 |       |     3 |     2 |     1 |     2 |       |     1 |    10 ||    20
Dodge: Dodged            |    15 |    13 |    37 |    78 |    60 |   159 |    87 |    84 |   123 ||   656
Block: Buckler           |       |       |       |       |     3 |    56 |    51 |       |       ||   110
       Kite shield       |       |       |       |       |       |    19 |    48 |   100 |    66 ||   233
       Reflection        |       |       |       |       |       |    15 |    43 |    26 |    16 ||   100

Table legend: (Time is in decaauts)
 A = Elapsed time spent in this place.
 B = Non-inter-level travel time spent in this place.
 C = Inter-level travel time spent in this place.
 D = Time resting spent in this place.
 E = Time spent auto-exploring this place.
 F = Levels seen in this place.
 G = Mean time per level.
                   A        B        C        D        E       F      G
               +--------+--------+--------+--------+--------+-----+--------+
         Total | 111835 | 102660 |   9175 |  18934 |  67526 |  64 | 1747.4 |
       Dungeon |  26887 |  23677 |   3210 |   4768 |  15300 |  15 | 1792.5 |
        Temple |     72 |     64 |      8 |      0 |     49 |   1 |   72.0 |
          Lair |  16265 |  15360 |    905 |   2616 |  10446 |   6 | 2710.8 |
         Swamp |   6372 |   6223 |    149 |    633 |   4845 |   4 | 1593.0 |
     Snake Pit |   9958 |   9397 |    561 |   1640 |   6495 |   4 | 2489.5 |
  Orcish Mines |   4399 |   3976 |    423 |    214 |   3094 |   2 | 2199.5 |
   Elven Halls |   7756 |   7141 |    615 |   1239 |   4724 |   3 | 2585.3 |
        Vaults |  13722 |  12309 |   1413 |   1319 |   8983 |   5 | 2744.4 |
        Depths |  13293 |  12155 |   1138 |   2500 |   7814 |   5 | 2658.6 |
           Zot |   9966 |   9215 |    751 |   2973 |   4712 |   5 | 1993.2 |
         Abyss |    310 |    310 |      0 |      0 |      0 |   1 |  310.0 |
      Ziggurat |   1079 |   1079 |      0 |    746 |     17 |  10 |  107.9 |
         Trove |     55 |     55 |      0 |      0 |      5 |   1 |   55.0 |
        Bailey |    533 |    533 |      0 |      0 |    386 |   1 |  533.0 |
       Volcano |   1161 |   1161 |      0 |    286 |    656 |   1 | 1161.0 |
               +--------+--------+--------+--------+--------+-----+--------+

Top non-repeatable levels by time:
 Snake:4: 4823 daAuts
Vaults:1: 3908 daAuts
  Lair:5: 3813 daAuts
  Lair:6: 3702 daAuts
Vaults:3: 3644 daAuts
   Orc:2: 3488 daAuts
Depths:2: 3465 daAuts
     D:9: 3437 daAuts
Depths:5: 3149 daAuts
Depths:4: 2982 daAuts
   Elf:1: 2899 daAuts
   Elf:3: 2816 daAuts
  Lair:3: 2664 daAuts
   Zot:5: 2649 daAuts
    D:10: 2588 daAuts
